 Dungeon Crawl Stone Soup version 0.29.0-13-gc9e81de378 (webtiles) character file.

Game seed: 12929173198636759123

1368 Zonian the Trooper (level 8, -3/64 HPs)
             Began as a Demonspawn Gladiator on Sept 10, 2022.
             Was a Follower of Dithmenos.
             Slain by a gnoll sergeant
             ... wielding a +4 spear of venom
              (7 damage)
             ... on level 6 of the Dungeon.
             The game lasted 00:15:24 (8361 turns).

Zonian the Trooper (Demonspawn Gladiator)           Turns: 8361, Time: 00:15:24

Health: -3/64      AC:  9    Str: 16    XL:     8   Next: 38%
Magic:  8/8        EV: 14    Int:  9    God:    Dithmenos [*.....]
Gold:   362        SH:  4    Dex: 16    Spells: 7/7 levels left

rFire   . . .      SeeInvis .   x - +1 short sword (venom)
rCold   . . .      Faith    .   (no shield)
rNeg    . . .      Spirit   .   b - +0 leather armour
rPois   +          Reflect  .   l - +2 hat
rElec   .          Harm     .   z - +1 cloak
rCorr   .          Rampage  .   (no gloves)
Will    +....                   y - +1 pair of boots
Stlth   +.........              (no amulet)
HPRegen 0.20/turn               A - ring of willpower
MPRegen 0.11/turn               r - ring of poison resistance

@: lethally poisoned (-3 -> -10), wreathed by umbra
A: powered by death 1, condensation shield, weakness stinger 2
a: Renounce Religion


You were on level 6 of the Dungeon.
You worshipped Dithmenos.
Dithmenos was aware of your devotion.
You visited 1 branch of the dungeon, and saw 6 of its levels.
You also visited: Sewer.

You collected 362 gold pieces.

Inventory:

Hand Weapons
 a - a +1 rapier
 f - a +0 vorpal hand axe
 t - a +1 dagger of flaming
 v - a +2 whip of pain
 x - a +1 short sword of venom (weapon)
Missiles
 e - a javelin
 i - 21 poisoned darts (quivered)
Armour
 b - a +0 leather armour (worn)
 c - a +0 helmet
 k - a +0 cloak
 l - a +2 hat (worn)
 y - a +1 pair of boots (worn)
 z - a +1 cloak (worn)
Jewellery
 n - a ring of fire
 q - a ring of resist corrosion
 r - a ring of poison resistance (right hand)
 s - a ring of protection from cold
 A - a ring of willpower (left hand)
 B - a ring of positive energy
Potions
 h - 2 potions of cancellation
 j - a potion of mutation {unknown}
 o - a potion of haste {unknown}
 w - 5 potions of flight


   Skills:
 + Level 6.0 Fighting
 + Level 5.8 Short Blades
 - Level 3.2 Throwing
 + Level 5.8 Dodging


You had 7 spell levels left.
You didn't know any spells.
Your spell library contained the following spells:

 Spells                   Type           Power      Damage    Failure   Level
 Summon Ice Beast         Ice/Summ       0%         N/A       99%         4
 Summon Mana Viper        Hex/Summ       0%         N/A       100%        5
 Monstrous Menagerie      Summ           0%         N/A       100%        7


Dungeon Overview and Level Annotations

Branches:
Dungeon (6/15)              Sewer (visited)
 Temple: D:4-7

Altars:
Dithmenos
Nemelex Xobeh
Okawaru
Trog
Xom

Shops:
D:5 [

Annotations:
D:4 Menkaure


Innate Abilities, Weirdness & Mutations

You regenerate a little health from kills.
A meltable shield of frost defends you. (SH +4)
You have a tail ending in a sharp stinger.


Message History

You are poisoned.
The gnoll bouda barks out a call to the hunt!
The gnolls pick up the pace!
The gnoll sergeant barely misses you.
You hear a shout!
You puncture the gnoll sergeant!
The gnoll sergeant is severely wounded.
You feel very sick.
You hear a shout!
The gnoll sergeant is no longer moving quickly.
The gnoll bouda is no longer moving quickly.
The gnoll bouda barks out a call to the hunt!
The gnoll sergeant picks up the pace!
You block the gnoll sergeant's attack.
The gnoll bouda calls upon its god to heal the gnoll sergeant.
The gnoll sergeant is healed somewhat.
The gnoll sergeant hits you with a +0 trident.
You hit the gnoll sergeant.
The gnoll sergeant looks as sick as possible!
The gnoll sergeant is severely wounded.
You feel very sick.
The gnoll sergeant hits you from afar with a +4 spear of venom!
The gnoll bouda barks out a call to the hunt!
The gnoll bouda picks up the pace!
The gnoll sergeant barely misses you.
You barely miss the gnoll sergeant.
The gnoll sergeant is almost dead.
You feel sick.
The gnoll sergeant hits you from afar with a +4 spear of venom.
* * * LOW HITPOINT WARNING * * *
Unknown command.
Your magical effects are unravelling.
You feel magically purged.
You feel a little less mighty now.
Your attacks no longer feel as feeble.
You feel very sick.
The gnoll is no longer moving quickly.
The gnoll sergeant hits you with a +0 trident!
* * * LOW HITPOINT WARNING * * *
The gnoll sergeant hits you from afar with a +4 spear of venom!
You die...

#........... #.#
.............
.......g
~≈~~~~~~~~~~~~~
.g..~~≈~
≈≈≈≈≈≈≈≈≈≈≈≈≈≈~≈≈
....~~≈
≈#####~~~~~~~~~~~
....~~~ go
#.......... .......
#. ########## 'z''#
#..#..#######gg..###
#..+..'....@ggg{.'..
#..#..#######ggo.###
####### #oo## ....
..... g.... ....
####


You could see 2 gnoll sergeants, 2 gnoll boudas, a wight, an orc priest, 3
gnolls and 2 orcs.

Vanquished Creatures
  A steam dragon (D:6)
  An orc warrior (D:6)
  4 ogres
  2 kobold brigands (Sewer)
  2 wights (D:5)
  A howler monkey (D:6)
  4 hounds
  3 orc priests
  An iguana (D:6)
  3 orc wizards
  4 gnolls
  5 adders
  A river rat (Sewer)
  A shadow imp (D:6)
  A white imp (D:5)
  A worm (D:2)
  14 orcs
  A ball python (D:1)
  11 endoplasms
  8 giant cockroaches
  5 hobgoblins
  11 jackals
  9 quokkas
  3 bats
  5 frilled lizards
  4 goblins
  6 kobolds
  17 rats
129 creatures vanquished.

Vanquished Creatures (others)
  2 plants (D:6)
2 creatures vanquished.

Grand Total: 131 creatures vanquished

Notes
Turn   | Place    | Note
-------+----------+-------------------------------------------
     0 | D:1      | Zonian the Demonspawn Gladiator began the quest for the
                  | Orb.
     0 | D:1      | Reached XP level 1. HP: 16/16 MP: 1/1
   778 | D:1      | Gained mutation: You regenerate a little health from kills.
                  | [demonic ancestry]
   778 | D:1      | Reached XP level 2. HP: 22/22 MP: 2/2
  1349 | D:1      | Reached XP level 3. HP: 15/28 MP: 3/3
  1993 | D:2      | Found a bloodstained altar of Trog.
  2361 | D:2      | Noticed an ogre
  2369 | D:2      | Killed an ogre
  2370 | D:2      | Reached skill level 3 in Fighting
  2370 | D:2      | Gained mutation: You have a small tail. [demonic ancestry]
  2370 | D:2      | Reached XP level 4. HP: 22/35 MP: 4/4
  2370 | D:2      | Gained mutation: You have a tail ending in a sharp stinger.
                  | [demonic ancestry]
  2370 | D:2      | Reached XP level 5. HP: 26/41 MP: 5/5
  3000 | D:3      | Found a shadowy altar of Dithmenos.
  3024 | D:3      | You fall into a shaft and drop 1 floor!
  3584 | D:4      | Reached XP level 6. HP: 13/47 MP: 6/6
  4015 | D:4      | Noticed Menkaure
  4047 | D:3      | Found a faded altar of an unknown god.
  4100 | D:3      | Reached skill level 4 in Fighting
  4615 | D:3      | Became a worshipper of Dithmenos the Shadowed
  4964 | D:3      | Found an iron altar of Okawaru.
  4964 | D:3      | Found a sparkling altar of Nemelex Xobeh.
  5760 | D:5      | Entered Level 5 of the Dungeon
  5801 | D:5      | Found Gojimeirr's Armour Boutique.
  5942 | D:5      | Gained mutation: A meltable shield of frost defends you.
                  | (SH +4) [demonic ancestry]
  5942 | D:5      | Reached XP level 7. HP: 36/55 MP: 7/7
  6123 | D:5      | Found a glowing drain.
  6142 | Sewer    | Entered a sewer
  6277 | Sewer    | Reached * piety under Dithmenos
  6713 | D:5      | Found a shimmering altar of Xom.
  6984 | D:6      | Reached skill level 5 in Fighting
  6984 | D:6      | Reached skill level 5 in Short Blades
  6984 | D:6      | Reached skill level 5 in Dodging
  7194 | D:6      | Noticed a steam dragon
  7874 | D:6      | Reached XP level 8. HP: 30/63 MP: 8/8
  7920 | D:6      | HP: 2/63 [steam dragon/ball of steam (12)]
  8326 | D:6      | Noticed a slime creature
  8336 | D:6      | Noticed a cyclops
  8352 | D:6      | Reached skill level 6 in Fighting
  8361 | D:6      | Slain by a gnoll sergeant

Illustrated notes

Levels and vault maps discovered:
D:1:      dpeg_arrival_ratfight, layout_basic, minivault_26,
          minmay_misc_feat_room
D:2:      minmay_spotlight, layout_loops_ring, basic_altar, grunt_ministairs_8
D:3:      layout_loops_ring, grunt_dithmenos_smoke,
          gammafunk_temple_overflow_wave, hellmonk_ecumenical_altar_arch_garden
D:4:      layout_cave_pools, chequers_avenue, kennysheep_diamond,
          chequers_mini_garden, eino_tiny_chamber, uniq_menkaure
D:5:      layout_gridville, kennysheep_mini_moat, gup_sewer_entry_pipe,
          serial_shops, shop, minmay_misc_feat_x
D:6:      lemuel_castle_with_subvaults [lemuel_castle_interior_original],
          layout_rooms, minivault_5, uniq_sigmund, uniq_edmund

Skill      XL: |  1  2  3  4  5  6  7  8 |
---------------+-------------------------+-----
Throwing       | 2 3 |  3.2
Short Blades   | 3 4 5 |  5.8
Dodging        | 3 4 5 |  5.8
Fighting       | 3 4 5 6 |  6.0

Action                   |  1- 3 |  4- 6 |  7- 9 || total
-------------------------+-------+-------+-------++-------
Melee: Rapier            |   177 |   166 |       ||   343
       Punch             |     2 |     4 |     6 ||    12
       Tailslap          |       |    29 |    23 ||    52
       Short sword       |       |    25 |   173 ||   198
       Dagger            |       |       |    40 ||    40
Throw: Throwing net      |     2 |     2 |     2 ||     6
       Dart              |     1 |       |     2 ||     3
       Javelin           |       |       |     1 ||     1
  Use: Scroll            |       |    11 |     4 ||    15
       Potion            |       |       |     7 ||     7
 Stab: Sleeping          |     2 |     2 |       ||     4
       Held in net/web   |     1 |     1 |     1 ||     3
       Distracted        |       |     1 |       ||     1
Armor: Leather armour    |    57 |    62 |    55 ||   174
Dodge: Dodged            |   122 |   144 |   136 ||   402
Block: Other             |       |       |    33 ||    33
